 Dungeon Sprint DCSS version 0.20.1-1-g8b1a95d (console) character file.

8677 bli the Severer (level 11, -2/112 HPs)
             Began as a Minotaur Fighter on Sept 6, 2017.
             Was the Champion of Qazlal.
             Killed from afar by Yjea the pandemonium lord (15 damage)
             ... with a bolt of negative energy
             ... in the Dungeon (Sprint V: "Ziggurat Sprint").
             The game lasted 00:17:10 (943 turns).

bli the Severer (Minotaur Fighter)                   Turns: 943, Time: 00:17:11

Health: -2/112     AC: 36    Str: 29    XL:     11   Next: 13%
Magic:  10/10      EV:  4    Int:  5    God:    Qazlal [******]
Gold:   0          SH: 42    Dex: 24    Spells: 10/10 levels left

rFire    . . .     SeeInvis +   b - +5 broad axe (drain)
rCold    . . .     Gourm    .   R - +18 shield of the Gong {rElec rN+ MR+ EV-5}
rNeg     + . .     Faith    .   Q - +15 Maxwell's patent armour {-Cast -Tele rElec MR+ rCorr}
rPois    .         Spirit   .   (helmet restricted)
rElec    +         Reflect  .   c - +1 cloak {+Inv}
rCorr    +         Harm     .   (no gloves)
MR       ++...     NoTele   +   (no boots) Stlth ..........NoCast +
                                (no amulet)
Regen    0.3/turn               G - +6 ring of dexterity
MPRegen  0.2/turn               J - ring of the Coward {Str+7 Dex+6 SInv}

@: lethally poisoned (-2 -> -7), protected from physical damage, studying Short
Blades, drained, repel missiles
A: retaliatory headbutt, horns 2
a: Upheaval, Elemental Force, Disaster Area, Renounce Religion, Evoke
Invisibility


You were in the Dungeon.
You worshipped Qazlal.
Qazlal was exalted by your worship.
You were not hungry.

You visited 1 branch

Inventory:

Hand Weapons
 a - the +7 war axe of the Valley {drain, *Slow Str+2 Int+2 SInv}
   (You found it in the Dungeon)

   A truly terrible weapon, it drains the life of those it strikes.
   It affects your strength (+2).
   It affects your intelligence (+2).
   It lets you see invisible.
   It may slow you when you take damage.
 b - a +5 broad axe of draining (weapon)
 D - a +5 executioner's axe
Armour
 c - a +1 cloak of invisibility (worn)
 y - a +5 crystal plate armour
 A - +5 gold dragon scales
 Q - the +15 Maxwell's patent armour (worn) {-Cast -Tele rElec MR+ rCorr}
   (You found it in the Dungeon)

   It insulates you from electricity.
   It affects your resistance to hostile enchantments.
   It prevents spellcasting.
   It prevents most forms of teleportation.
   It protects you from acid and corrosion.
 R - the +18 shield of the Gong (worn) {rElec rN+ MR+ EV-5}
   (You found it in the Dungeon)

   It affects your evasion (-5).
   It insulates you from electricity.
   It protects you from negative energy.
   It affects your resistance to hostile enchantments.
Jewellery
 C - the ring "Fithru Dast" {rElec rC- rN+++ Int+3 Dex-2}
   (You found it in the Dungeon)

   [ring of intelligence]

   It affects your intelligence (+3).
   It affects your dexterity (-2).
   It makes you vulnerable to cold.
   It insulates you from electricity.
   It renders you almost immune to negative energy.
 F - a +6 ring of dexterity
 G - a +6 ring of dexterity (left hand)
 I - a +6 ring of intelligence
 J - the ring of the Coward (right hand) {Str+7 Dex+6 SInv}
   (You found it in the Dungeon)

   [ring of dexterity]

   It affects your strength (+7).
   It affects your dexterity (+6).
   It lets you see invisible.
 K - a +6 ring of strength
 L - an uncursed ring of flight
 X - an uncursed ring of protection from fire
 Z - an uncursed ring of protection from magic
Wands
 M - a wand of disintegration (7/24)
 N - a wand of iceblast (5/15)
 O - a wand of lightning (5/15)
 P - a wand of acid (5/15)
Scrolls
 k - 4 scrolls of blinking
 q - 4 scrolls of amnesia
 r - 3 scrolls of recharging
 s - 7 scrolls of fog
 t - a scroll of holy word
 u - 5 scrolls of identify
 v - 5 scrolls of remove curse
 w - 2 scrolls of fear
 S - 4 scrolls of enchant weapon
Potions
 d - 6 potions of might
 e - 9 potions of curing
 g - 9 potions of heal wounds
 h - 6 potions of haste
 i - 7 potions of magic
 j - 3 potions of berserk rage
 l - 2 potions of brilliance
 m - 2 potions of invisibility
 n - 4 potions of resistance
 p - 5 potions of agility
Books
 V - a manual of Short Blades
Miscellaneous
 o - 3 phantom mirrors
 B - a box of beasts
 E - a lightning rod (4/4)
 H - a lamp of fire
 T - a lamp of fire
 U - a phial of floods
 W - a fan of gales
Comestibles
 f - 5 bread rations
 x - 42 fruits
 z - 4 meat rations
 Y - 5 chunks of flesh


   Skills:
 * Level 15.2(14.5) Fighting
 + Level 17.6(16.9) Axes
 + Level 14.5(13.8) Armour
 + Level 2.1(1.6) Dodging
 * Level 15.9(15.2) Shields


You had 10 spell levels left.
You didn't know any spells.

Dungeon Overview and Level Annotations

Branches:
Dungeon (1/1)

Altars:
Ashenzari
Cheibriados
Dithmenos
Elyvilon
Fedhas
Gozag
Hepliaklqana
Kikubaaqudgha
Makhleb
Nemelex Xobeh
Okawaru
Qazlal
Ru
Sif Muna
Trog
Uskayaw
Vehumet
Xom
Yredelemnul
Zin
The Shining One
Beogh
Jiyva
Lugonu


Innate Abilities, Weirdness & Mutations

You reflexively headbutt those who attack you in melee.
You have a pair of horns on your head.


Message History

The bolt of energy hits you!
You slice the lorocyproca!! Your headbutt misses the lorocyproca.
The lorocyproca is severely wounded.
You hit Toyrurots but do no damage.
You feel sick. You block Toyrurots's attack.
SHROANNG!
Your Maxwell's patent armour prevents you from hitting the lorocyproca.
Your headbutt misses the lorocyproca.
The lorocyproca is severely wounded.
You hit Toyrurots but do no damage.
The iron imp disappears in a puff of smoke!
You block the lorocyproca's attack.
GONNNNG!
The shadow demon is engulfed in freezing vapours.
Toyrurots hits you!!
* * * LOW HITPOINT WARNING * * *
You feel more protected from physical attacks.
Yjea gestures at you.
The bolt of negative energy hits Toyrurots.
Toyrurots completely resists.
The bolt of negative energy hits you! You partially resist.
You feel drained.
You die...

▓▓▓▓▓▓▓▓▓▓▓▓▓▓▓▓▓▓▓
▓...8©8...▓
▓..|)|[)..▓..}.|.[..▓
▓..:)}}?..▓...:|))..▓
▓........5▓.........▓
▓.....5555▓.........▓
▓.....4K55▓.........▓
▓....g4233▓.........▓
▓...54l42&▓...††....▓
▓.▓.5532▓&▓.........▓
▓...55442@▓▓▓▓▓▓▓▓▓▓▓
▓▓▓▓▓▓▓▓▓▓▓


You could see Toyrurots, Yjea, a lorocyproca (invisible), a green death, a
blizzard demon, a shadow demon, 2 ice devils, a sixfirhy, a neqoxec, a ynoxinul,
2 red devils, an iron imp, a shadow imp, 10 ufetubi, a hobgoblin, a kobold and a
frilled lizard.

Vanquished Creatures
  A tentacled starspawn (D)
  2 dancing weapons (D)
  A sun demon (D)
  5 deep elf magi (D)
  An eye of devastation (shapeshifter) (D)
  A hellwing (D)
  A raiju (D)
  2 fire elementals (D)
  3 yaks (D)
  A basilisk (D)
  A porcupine (D)
  A necrophage (D)
  3 orc warriors (D)
  2 wolves (D)
  5 bullfrogs (D)
  An earth elemental (D)
  A small abomination (D)
  A quasit (D)
  5 orc priests (D)
  5 orc wizards (D)
  An iron imp (D)
  An iguana (D)
  2 river rats (D)
  A white imp (D)
  An ufetubus (D)
  5 orcs (D)
  A leopard gecko zombie (D)
  A fire vortex (D)
56 creatures vanquished.

Vanquished Creatures (others)
  2 starspawn tentacles (D)
2 creatures vanquished.

Grand Total: 58 creatures vanquished

Notes
Turn   | Place    | Note
-------+----------+-------------------------------------------
     0 | D        | bli the Minotaur Fighter began the quest for the Orb.
     0 | D        | Reached XP level 1. HP: 19/19 MP: 0/0
     0 | D        | Found a deep blue altar of Sif Muna.
     0 | D        | Found a sacrificial altar of Ru.
     0 | D        | Found a bloodstained altar of Trog.
     0 | D        | Found a stormy altar of Qazlal.
     0 | D        | Found an iron altar of Okawaru.
     0 | D        | Found a sparkling altar of Nemelex Xobeh.
     0 | D        | Found a blossoming altar of Fedhas.
     2 | D        | Found a transporter.
     2 | D        | Found an ancient bone altar of Kikubaaqudgha.
     2 | D        | Found a viscous altar of Jiyva.
     2 | D        | Found a corrupted altar of Lugonu.
     2 | D        | Found a hazy altar of Hepliaklqana.
     2 | D        | Found a burning altar of Makhleb.
     2 | D        | Found an opulent altar of Gozag.
    76 | D        | Became a worshipper of Qazlal Stormbringer
   112 | D        | Reached skill level 5 in Fighting
   112 | D        | Reached skill level 5 in Axes
   112 | D        | Reached skill level 5 in Shields
   112 | D        | Reached XP level 2. HP: 29/29 MP: 1/1
   113 | D        | Entered arena 2.
   113 | D        | Noticed a necrophage
   113 | D        | Found a transporter.
   117 | D        | Killed a necrophage
   117 | D        | Reached skill level 6 in Axes
   117 | D        | Reached XP level 3. HP: 39/39 MP: 2/2
   117 | D        | Reached XP level 4. HP: 47/47 MP: 3/3
   123 | D        | Got the ring "Fithru Dast" {rElec rC- rN+++ Int+3 Dex-2}
   126 | D        | Entered arena 3.
   126 | D        | Noticed a fire elemental
   126 | D        | Noticed a fire elemental
   126 | D        | Found a transporter.
   133 | D        | Killed a fire elemental
   133 | D        | Reached * piety under Qazlal
   133 | D        | Reached skill level 7 in Axes
   133 | D        | Reached XP level 5. HP: 48/56 MP: 4/4
   137 | D        | Killed a fire elemental
   137 | D        | Reached skill level 8 in Axes
   137 | D        | Reached skill level 10 in Armour
   137 | D        | Reached XP level 6. HP: 47/66 MP: 5/5
   227 | D        | Entered arena 4.
   227 | D        | Noticed a deep elf mage
   227 | D        | Noticed a komodo dragon
   227 | D        | Noticed a flail of protection
   227 | D        | Noticed a deep elf mage
   227 | D        | Found a transporter.
   229 | D        | Noticed a mana viper
   229 | D        | a komodo dragon changed into a mana viper
   230 | D        | Noticed a shining eye
   230 | D        | a mana viper changed into a shining eye
   233 | D        | Noticed an eye of devastation
   233 | D        | a shining eye changed into an eye of devastation
   238 | D        | Killed a deep elf mage
   238 | D        | Reached skill level 10 in Fighting
   238 | D        | Reached skill level 9 in Axes
   238 | D        | Reached skill level 1 in Dodging
   238 | D        | Reached XP level 7. HP: 38/73 MP: 6/6
   240 | D        | Killed an eye of devastation
   240 | D        | Reached ** piety under Qazlal
   240 | D        | Reached skill level 10 in Axes
   240 | D        | Reached XP level 8. HP: 17/82 MP: 7/7
   246 | D        | Killed a flail of protection
   246 | D        | Reached skill level 12 in Axes
   246 | D        | Reached skill level 10 in Shields
   248 | D        | Killed a deep elf mage
   248 | D        | Reached XP level 9. HP: 22/91 MP: 8/8
   524 | D        | Entered arena 5.
   524 | D        | Found a transporter.
   526 | D        | Reached *** piety under Qazlal
   526 | D        | Reached skill level 13 in Axes
   538 | D        | Got the +7 war axe of the Valley {drain, *Slow Str+2 Int+2 SInv}
   546 | D        | Entered arena 6.
   546 | D        | Noticed a deep elf mage
   546 | D        | Noticed a deep elf mage
   546 | D        | Noticed a flail of holy wrath
   546 | D        | Noticed a deep elf mage
   546 | D        | Found a transporter.
   548 | D        | Killed a flail of holy wrath
   555 | D        | Killed a deep elf mage
   555 | D        | Reached **** piety under Qazlal
   555 | D        | Reached skill level 14 in Axes
   556 | D        | Killed a deep elf mage
   556 | D        | Reached skill level 15 in Axes
   561 | D        | Killed a deep elf mage
   561 | D        | Reached XP level 10. HP: 59/102 MP: 9/9
   719 | D        | Entered arena 7.
   720 | D        | Found a transporter.
   726 | D        | Reached ***** piety under Qazlal
   732 | D        | Reached skill level 16 in Axes
   740 | D        | Identified the Almanac of Earthen Contamination (You found it in the Dungeon)
   743 | D        | Identified Wyeh Huwn's Tome of Orientation (You found it in the Dungeon)
   747 | D        | Entered arena 8.
   748 | D        | Found a transporter.
   805 | D        | Entered arena 9.
   805 | D        | Noticed a tentacled starspawn
   806 | D        | Found a transporter.
   811 | D        | Reached ****** piety under Qazlal
   814 | D        | Killed a tentacled starspawn
   814 | D        | Reached skill level 17 in Axes
   829 | D        | Got the ring of the Coward {Str+7 Dex+6 SInv}
   834 | D        | Identified the Papyrus of the Arsonist and Stones (You found it in the Dungeon)
   849 | D        | Entered arena 10.
   850 | D        | Found a transporter.
   876 | D        | Identified Sif Muna's Collected Works on the Escort and Orientation (You found it in the Dungeon)
   883 | D        | Entered arena 11.
   886 | D        | Reached skill level 15 in Shields
   893 | D        | Reached XP level 11. HP: 111/111 MP: 10/10
   898 | D        | Found a transporter.
   915 | D        | Entered arena 12.
   915 | D        | Noticed Yjea the pandemonium lord
   916 | D        | Noticed Toyrurots the pandemonium lord
   916 | D        | Noticed a blizzard demon
   916 | D        | Noticed a sun demon
   918 | D        | Noticed a sixfirhy
   920 | D        | Noticed a shadow demon
   920 | D        | Noticed a green death
   925 | D        | Noticed a lorocyproca
   928 | D        | Killed a sun demon
   928 | D        | Reached skill level 15 in Fighting
   943 | D        | Killed from afar by Yjea the pandemonium lord

Skill      XL: |  1  2  3  4  5  6  7  8  9 10 11 |
---------------+----------------------------------+-----
Fighting       | 5 7 8 9 10 11 12 13 14 15 | 15.2
Axes           | 5 6 7 8 9 10 12 15 17 | 17.6
Armour         | 6 8 9 10 11 12 13 14 | 14.5
Shields        | 5 6 7 8 9 11 12 15 | 15.9
Dodging        | 1 2 |  2.1

Action                   |  1- 3 |  4- 6 |  7- 9 | 10-12 || total
-------------------------+-------+-------+-------+-------++-------
Melee: Broad axe         |     3 |    18 |    26 |    81 ||   128
       Headbutt          |       |     9 |     5 |    23 ||    37
  Use: Potion            |     1 |     1 |     1 |       ||     3
       Scroll            |       |       |       |     1 ||     1
Armor: Plate armour      |     1 |    15 |    11 |    22 ||    49
Dodge: Dodged            |       |       |     3 |     4 ||     7
Block: Shield            |     2 |    33 |    45 |   125 ||   205
